 Dungeon Crawl Stone Soup version 0.30.0-5-g1a98f26d00 (webtiles) character file.

Game seed: 15983200169343386789

15489 Foic the Unseen (level 12, -13/61 HPs)
             Began as a Spriggan Brigand on May 11, 2023.
             Was a Follower of Dithmenos.
             Mangled by a hornet (15 damage)
             ... on level 10 of the Dungeon.
             The game lasted 01:21:21 (13018 turns).

Foic the Unseen (Spriggan Brigand)                 Turns: 13018, Time: 01:21:22

Health: -13/61     AC:  5    Str: 12    XL:     12   Next: 1%
Magic:  13/13      EV: 26    Int: 16    God:    Dithmenos [*.....]
Gold:   676        SH:  0    Dex: 21    Spells: 11/11 levels left

rFire   + . .        h - +1 short sword (elec)
rCold   . . .        (no shield)
rNeg    . . .        U - +0 troll leather armour
rPois   .            (helmet restricted)
rElec   .            c - +0 cloak
rCorr   .            (gloves unavailable)
SInv    +            (boots unavailable)
Will    ++...        M - amulet of regeneration
Stlth   +++++++      B - +6 ring of strength
HPRegen 1.90/turn    S - ring of protection from fire
MPRegen 0.13/turn

%: no passive effects
@: mighty, lethally poisoned (-13 -> -13), slowed, wreathed by umbra, unable to
drink, quick
A: very small, no large weapons, unfitting armour, see invisible, speed 3,
clever 1, inability to drink after injury 1
a: Renounce Religion


You were on level 10 of the Dungeon.
You worshipped Dithmenos.
Dithmenos was aware of your devotion.
You visited 3 branches of the dungeon, and saw 13 of its levels.
You also visited: Sewer.

You collected 934 gold pieces.
You spent 258 gold pieces at shops.

Inventory:

Hand Weapons
 e - a +0 dagger of speed
 h - a +1 short sword of electrocution (weapon)
 m - a +3 dagger
 u - a +2 antimagic falchion
 R - a +2 short sword of venom
Missiles
 d - 13 poisoned darts
 n - 44 stones (quivered)
 A - 2 curare-tipped darts
 I - 2 boomerangs
Armour
 c - a +0 cloak (worn)
 t - a +0 leather armour
 L - a +2 robe of positive energy
 U - a +0 troll leather armour (worn)
Jewellery
 g - an amulet of magic regeneration
 y - an amulet of reflection
 B - a +6 ring of strength (left hand)
 M - an amulet of regeneration (around neck)
 N - a ring of magical power
 S - a ring of protection from fire (right hand)
Wands
 b - a wand of mindburst (15)
 q - a wand of polymorph (4)
 C - a wand of iceblast (6)
 D - a wand of paralysis (12)
 T - a wand of acid (7)
Scrolls
 a - 3 scrolls of fear {unknown}
 f - 6 scrolls of vulnerability {unknown}
 j - 3 scrolls of noise {unknown}
 k - 2 scrolls of brand weapon {unknown}
 l - 4 scrolls of fog {unknown}
 p - 4 scrolls of blinking {unknown}
 r - 4 scrolls of teleportation {unknown}
 s - 5 scrolls of amnesia {unknown}
 v - a scroll of silence {unknown}
 w - 6 scrolls of enchant armour {unknown}
 x - 6 scrolls of identify {unknown}
 H - 2 scrolls of immolation {unknown}
 J - 2 scrolls of magic mapping {unknown}
 O - a scroll of torment {unknown}
 P - a scroll of enchant weapon {unknown}
Potions
 i - 7 potions of curing
 z - a potion of magic
 F - 2 potions of mutation
 G - a potion of haste {unknown}
 K - 2 potions of lignification {unknown}
 Q - 4 potions of flight
Miscellaneous
 o - a lightning rod (4/4)


   Skills:
 + Level 6.1 Fighting
 * Level 11.0 Short Blades
 + Level 7.1 Throwing
 * Level 11.1 Dodging
 * Level 15.9 Stealth
 + Level 7.0 Evocations


You had 11 spell levels left.
You didn't know any spells.
Your spell library contained the following spells:

 Spells                   Type           Power      Damage    Failure   Level
 Apportation              Tloc           0%         N/A       32%         1
 Cigotuvi's Dreadful Rot  Necr/Pois/Air  0%         N/A       43%         2
 Ensorcelled Hibernation  Hex/Ice        0%         N/A       43%         2
 Passwall                 Tmut/Erth      0%         N/A       43%         2
 Poisonous Vapours        Pois/Air       0%         N/A       43%         2
 Stone Arrow              Conj/Erth      0%         3d7       67%         3
 Swiftness                Air            0%         N/A       67%         3
 Vhi's Electric Charge    Tloc/Air       0%         N/A       67%         3
 Volatile Blastmotes      Fire/Tloc      0%         2d10      67%         3
 Fulminant Prism          Conj/Hex       0%         3d5       97%         4
 Iskenderun's Mystic Bla  Conj/Tloc      0%         2d3       97%         4
 Passage of Golubria      Tloc           0%         N/A       97%         4
 Alistair's Intoxication  Tmut/Pois      0%         N/A       100%        5
 Lee's Rapid Deconstruct  Erth           0%         3d4*      100%        5
 Silence                  Hex/Air        0%         N/A       100%        5
 Lehudib's Crystal Spear  Conj/Erth      0%         10d2      100%        8
 Chain Lightning          Conj/Air       0%         N/A       100%        9


Dungeon Overview and Level Annotations

Branches:
Dungeon (11/15)            Temple (1/1) D:5            Lair (1/5) D:8
  Sewer (visited)
    Orc: D:9-12

Altars:
Ashenzari
Cheibriados
Dithmenos
Elyvilon
Fedhas
Gozag
Hepliaklqana
Kikubaaqudgha
Makhleb
Nemelex Xobeh
Okawaru
Qazlal
Ru
Sif Muna
Trog
Uskayaw
Vehumet
Wu Jian
Xom
Yredelemnul
Zin
The Shining One

Shops:
D:7 *   D:11 (

Portals:
Gauntlet: D:11

Annotations:
D:5 3 runed translucent doors, LaMa's ghost, novice DrIE
D:10 fly hell entry uncleared


Innate Abilities, Weirdness & Mutations

You are very small and have problems with some larger weapons.
You are too small for most types of armour.
You have supernaturally acute eyesight. (SInv)
You cover ground extremely quickly. (Speed+++)
Your mind is acute. (Int +4, Str/Dex -1)
You occasionally lose the ability to drink potions when taking damage.


Message History

You feel as though you will be slow longer.
You feel sick. The hornet barely misses you.
You can move again.
You feel very mighty all of a sudden.
You feel sick. The hornet stings you.
You feel as though you will be slow longer.
The hornet stings you.
You are more poisoned.
You feel as though you will be slow longer.
The hornet completely misses you.
You hit the hornet.
The hornet is heavily wounded.
You feel very sick. The hornet stings you!
* * * LOW HITPOINT WARNING * * *
You shrug off the repeated paralysis!
It was a potion of mutation.
You feel extremely strange.
You occasionally lose the ability to drink potions when taking damage.
You feel clever.
You feel very sick. The hornet closely misses you. The hornet stings you!
You feel threatened and lose the ability to drink potions!
* * * LOW HITPOINT WARNING * * *
You feel as though you will be slow longer.
You cannot drink potions in your current state!
You hit the hornet but do no damage.
The hornet is heavily wounded.
You feel sick. The hornet completely misses you.
You hit the hornet.
The hornet is heavily wounded.
You feel sick. The hornet closely misses you.
You barely miss the hornet.
The hornet is heavily wounded.
You can drink potions again.
You feel sick. The hornet closely misses you.
You hit the hornet but do no damage.
The hornet is heavily wounded.
You feel sick. The hornet completely misses you. The hornet stings you!
You feel threatened and lose the ability to drink potions!
You die...

#### #.#....# ######..# ##.##...#
# ###.......## ##..###### #
#..........###....### #
#..........##.......###### ####
...........#..#..........#####...
.............###............†....
#...........###..y........#####..
##.........###..@.........# ###
##.......###.............# # #
##.....####.............# #
#####...## #..............# #
........# #..............# #
.......## ##.............# #
.####...# #.............# # .#
##..## ##............# # .# #...#
#............#


You could see a hornet.

Vanquished Creatures
  A hydra (D:10)
  A centaur warrior (D:10)
  A boulder beetle (D:10)
  A two-headed ogre (D:9)
  An orc high priest (D:10)
  A cyclops (D:10)
  A black mamba (Lair:1)
  Maurice (D:10)
  A cane toad (Lair:1)
  2 unseen horrors (D:10)
  2 komodo dragons
  A rime drake (Lair:1)
  A tengu conjurer (D:10)
  3 trolls (D:11)
  3 hornets
  3 shadows
  A vampire (D:10)
  A wraith (D:9)
  2 wyverns
  A vampire mosquito (D:10)
  12 yaks (D:10)
  2 steam dragons
  3 hell hounds (D:10)
  3 acid dragons
  6 water moccasins
  3 ice beasts
  4 sky beasts
  A black bear (D:6)
  An ogre (D:4)
  3 centaurs
  4 kobold brigands
  5 bullfrogs
  2 gnoll sergeants (D:8)
  7 scorpions
  9 wights
  A killer bee (D:6)
  5 howler monkeys
  3 jellies
  2 hounds (D:5)
  An orc priest (D:5)
  3 gnoll boudas
  A sleepcap (D:6)
  5 iguanas
  4 orc wizards
  23 gnolls
  17 adders
  A white imp (D:5)
  2 ufetubi (D:7)
  A worm (D:3)
  5 dart slugs
  15 orcs
  10 endoplasms
  4 giant cockroaches
  7 goblins
  9 hobgoblins
  8 jackals (D:1)
  5 quokkas
  17 ball pythons
  7 bats
  7 frilled lizards
  17 kobolds
  31 rats
  A butterfly (Lair:1)
306 creatures vanquished.

Notes
Turn   | Place    | Note
-------+----------+-------------------------------------------
     0 | D:1      | Foic the Spriggan Brigand began the quest for the Orb.
     0 | D:1      | Reached XP level 1. HP: 10/10 MP: 2/2
    66 | D:1      | Reached skill level 6 in Stealth
    73 | D:1      | Reached XP level 2. HP: 11/15 MP: 3/3
   432 | D:1      | Reached XP level 3. HP: 18/18 MP: 4/4
   701 | D:2      | Found a hazy altar of Hepliaklqana.
   968 | D:2      | Reached XP level 4. HP: 21/23 MP: 5/5
  1246 | D:3      | Reached skill level 7 in Stealth
  2426 | D:4      | Reached XP level 5. HP: 26/26 MP: 6/6
  2428 | D:4      | Noticed an ogre
  2790 | D:4      | Reached skill level 8 in Stealth
  2790 | D:4      | Reached XP level 6. HP: 32/32 MP: 7/7
  3420 | D:5      | Entered Level 5 of the Dungeon
  3421 | D:5      | Found a runed translucent gate.
  3421 | D:5      | Found a runed translucent gate.
  3423 | D:5      | Found a runed translucent gate.
  3423 | D:5      | Noticed LaMa's ghost (novice DrIE)
  3445 | D:5      | Found a staircase to the Ecumenical Temple.
  3453 | Temple   | Entered the Ecumenical Temple
  4009 | D:5      | Reached XP level 7. HP: 28/35 MP: 8/8
  4138 | D:5      | Reached skill level 5 in Short Blades
  4611 | D:5      | Found an ornate altar of the Wu Jian Council.
  4651 | D:5      | Reached skill level 9 in Stealth
  4899 | D:6      | Reached XP level 8. HP: 40/40 MP: 9/9
  4967 | D:6      | Reached skill level 10 in Stealth
  4976 | D:6      | Reached skill level 5 in Dodging
  4989 | D:6      | Found a glowing drain.
  5074 | Sewer    | Entered a sewer
  5971 | D:6      | Reached skill level 11 in Stealth
  6256 | D:7      | Reached skill level 1 in Evocations
  6257 | D:7      | Reached XP level 9. HP: 45/45 MP: 10/10
  6699 | D:7      | Found Veiraewn's General Store.
  6914 | D:6      | HP: 1/45 [killer bee (6)]
  7055 | D:7      | Reached skill level 5 in Throwing
  7199 | D:7      | Reached skill level 12 in Stealth
  7840 | D:7      | Bought a +2 pair of gloves of dexterity for 258 gold pieces
  7917 | D:8      | Found a radiant altar of Vehumet.
  7919 | D:8      | Found a sparkling altar of Nemelex Xobeh.
  8347 | D:8      | Reached XP level 10. HP: 50/51 MP: 11/11
  8384 | D:8      | Found a hazy altar of Hepliaklqana.
  8419 | D:8      | Reached skill level 13 in Stealth
  8521 | D:8      | Found a staircase to the Lair.
  8935 | Lair:1   | Entered Level 1 of the Lair of Beasts
  8935 | Lair:1   | Noticed a black mamba
  8937 | Lair:1   | Killed a black mamba
  9059 | Lair:1   | Reached skill level 5 in Fighting
  9080 | Lair:1   | Identified the +6 whip "Qaqig" {freeze, Int+6}
  9332 | Lair:1   | Noticed a cane toad
  9335 | Lair:1   | Killed a cane toad
 10235 | D:9      | Reached skill level 5 in Evocations
 10341 | D:9      | Reached skill level 14 in Stealth
 10372 | D:9      | Noticed a two-headed ogre
 10438 | D:9      | Killed a two-headed ogre
 10551 | D:9      | Found a shimmering blue altar of Sif Muna.
 10562 | D:9      | Found a broken altar of Ashenzari.
 10706 | D:9      | Found a shadowy altar of Dithmenos.
 10711 | D:9      | Found a burning altar of Makhleb.
 10759 | D:9      | Found a snail-covered altar of Cheibriados.
 10764 | D:9      | Became a worshipper of Dithmenos the Shadowed
 10864 | D:9      | Paralysed by a hornet for 3 turns
 10876 | D:9      | Reached XP level 11. HP: 26/56 MP: 12/12
 10951 | D:10     | Entered Level 10 of the Dungeon
 11181 | D:10     | Reached skill level 10 in Short Blades
 11366 | D:10     | Noticed Maurice
 11373 | D:10     | Killed Maurice
 11718 | D:10     | Noticed a boulder beetle
 11719 | D:10     | Noticed a centaur warrior
 11783 | D:10     | Reached skill level 10 in Dodging
 11799 | D:10     | Killed a centaur warrior
 11800 | D:10     | Reached skill level 15 in Stealth
 11933 | D:10     | Killed a boulder beetle
 12040 | D:10     | Noticed an eight-headed hydra
 12040 | D:10     | Noticed an orc high priest
 12121 | D:10     | Killed an eight-headed hydra
 12121 | D:10     | Reached * piety under Dithmenos
 12133 | D:10     | Killed an orc high priest
 12171 | D:10     | Got the Precepts of Electric Geology
 12175 | D:10     | Identified the +1 leather armour of Zin {rPois rC- Str+6
                  | Stlth+}
 12283 | D:10     | Noticed a hell knight
 12601 | D:11     | Found a gate leading to a gauntlet.
 12773 | D:11     | Found Riotete's Weapon Boutique.
 12773 | D:11     | Noticed a +0 demon trident
 12775 | D:11     | Noticed a +0 triple sword
 12835 | D:11     | Reached XP level 12. HP: 61/61 MP: 13/13
 13008 | D:10     | Paralysed by a hornet for 3 turns
 13014 | D:10     | Gained mutation: You occasionally lose the ability to drink
                  | potions when taking damage. [potion of mutation]
 13014 | D:10     | Gained mutation: Your mind is acute. (Int +4, Str/Dex -1)
                  | [potion of mutation]
 13014 | D:10     | HP: 2/61 [hornet (8)]
 13018 | D:10     | Mangled by a hornet

Illustrated notes

Levels and vault maps discovered:
D:1:      pf_arrival_petrified_forest, layout_rooms, kennysheep_boxes
D:2:      layout_rooms, basic_altar
D:3:      layout_basic, minmay_liquid_box
D:4:      layout_gridville, serial_bayou, serial_bayou_lagoon_b,
          serial_bayou_crossing, serial_bayou_pond_d, serial_bayou_pond_d,
          minmay_starry_boxes
D:5:      layout_basic, pdpol_wu_jian_five_deadly_venoms, temple_green,
          gammafunk_ghost_nasty_kobolds, kennysheep_doodads,
          nrook_mini_backslash
D:6:      layout_loops_ring, gup_sewer_entry_glass
D:7:      layout_basic, serial_shops, nicolae_inconvenience_store,
          nzn_random_ring
D:8:      layout_basic, mainiacjoe_overflow_chevrons,
          mainiacjoe_overflow_catwalk_spiral, david_lair_shrubbed, st_stairs_6,
          minmay_misc_feat_tower
D:9:      layout_irregular_city, minitemple, mainiacjoe_overflow_big_doors
D:10:     minmay_shrinking_squares, layout_cave_pods, minmay_rotating_lava,
          uniq_maurice
D:11:     layout_irregular_city, kennysheep_orc_monster_closet_entryway,
          serial_shops, nicolae_shop_mannequins, gauntlet_entry_generic
Temple:   compressed_dpeg_triangle_lava_temple
Lair:1:   layout_small_grid, lemuel_fruit_fields

Skill      XL: |  1  2  3  4  5  6  7  8  9 10 11 |
---------------+----------------------------------+-----
Stealth        | 6 7 8 9 11 12 14 15 | 15.9
Dodging        | 2 3 4 5 7 9 11 | 11.1
Short Blades   | 3 4 5 7 8 9 11 | 11.0
Fighting       | 2 3 4 5 6 |  6.1
Throwing       | 3 4 5 6 7 |  7.1
Evocations     | 1 3 5 7 |  7.0

Action                     |  1- 3 |  4- 6 |  7- 9 | 10-12 || total
---------------------------+-------+-------+-------+-------++-------
  Melee: Dagger            |    12 |       |       |       ||    12
         Short sword       |    62 |    85 |   429 |   375 ||   951
         Punch             |     1 |     2 |     5 |    11 ||    19
  Throw: Dart              |    30 |    58 |    29 |    30 ||   147
         Stone             |       |     4 |    27 |    26 ||    57
         Boomerang         |       |       |    58 |       ||    58
  Evoke: Wand              |       |       |    11 |    16 ||    27
    Use: Potion            |       |       |     7 |     4 ||    11
   Stab: Sleeping          |    10 |    11 |    22 |    19 ||    62
         Distracted        |       |       |     1 |     2 ||     3
         Paralysed         |       |       |     1 |     2 ||     3
 Armour: Robe              |     5 |     3 |    30 |    17 ||    55
  Dodge: Dodged            |    63 |    36 |   291 |   260 ||   650
  Block: Other             |       |     1 |    44 |       ||    45
